 Dungeon Crawl Stone Soup version 0.23.2-40-g277498a001 (webtiles) character file.

Game seed: 2787841765576313576

2221 Curus the Carver (level 9, -4/68 HPs)
             Began as a Minotaur Gladiator on Oct 12, 2019.
             Slain by a two-headed ogre
             ... wielding a +0 giant spiked club
              (21 damage)
             ... on level 9 of the Dungeon.
             The game lasted 00:23:04 (5042 turns).

Curus the Carver (Minotaur Gladiator)               Turns: 5042, Time: 00:23:05

Health: -4/68      AC:  6    Str: 18    XL:     9   Next: 13%
Magic:  17/17      EV: 13    Int:  7    God:
Gold:   338        SH:  0    Dex: 16    Spells: 8/8 levels left

rFire    . . .     SeeInvis +   v - +0 long sword (flame)
rCold    . . .     Gourm    +   (no shield)
rNeg     . . .     Faith    .   e - +0 ring mail (curse)
rPois    +         Spirit   .   (helmet unavailable)
rElec    .         Reflect  .   (no cloak)
rCorr    .         Harm     .   j - +0 pair of gloves
MR       .....                  (no boots)
Stlth    +.........             m - amulet of the gourmand
HPRegen  0.21/turn              p - ring of magical power
MPRegen  0.15/turn              o - ring of see invisible

@: lethally poisoned (-4 -> -7)
A: retaliatory headbutt, horns 3, clever 1, poison resistance
a: no special abilities


You were on level 9 of the Dungeon.
You were not hungry.

You visited 1 branch of the dungeon, and saw 7 of its levels.

You collected 338 gold pieces.

Inventory:

Hand Weapons
 a - a +0 long sword
 v - a +0 long sword of flaming (weapon)
Missiles
 d - 2 throwing nets (quivered)
Armour
 b - a +0 leather armour
 c - a +0 hat
 e - a cursed +0 ring mail (worn)
 g - a +2 leather armour of magic resistance
 j - a +0 pair of gloves (worn)
 y - a +0 troll leather armour
Jewellery
 k - an uncursed ring of wizardry
 l - an uncursed amulet of guardian spirit
 m - an amulet of the gourmand (around neck)
 n - an uncursed amulet of rage
 o - a ring of see invisible (right hand)
 p - a ring of magical power (left hand)
 q - a cursed amulet of inaccuracy
Wands
 w - a wand of digging (2)
 z - a wand of paralysis (9)
Scrolls
 h - 3 scrolls of magic mapping
 r - a scroll of fog
 u - 2 scrolls of teleportation
 x - a scroll of identify
Potions
 i - a potion of invisibility
 s - a potion of brilliance
 t - a potion of curing
Comestibles
 f - 14 rations


   Skills:
 + Level 2.9 Fighting
 - Level 14.0 Long Blades
 - Level 2.0 Throwing
 + Level 3.6 Dodging


You had 8 spell levels left.
You didn't know any spells.
Your spell library contained the following spells:

 Spells                   Type           Power        Failure   Level  Hunger
 Confusing Touch          Hex            #.....       63%         1    ##.....
 Confuse                  Hex            #.......     94%         3    ####...
 Gell's Gravitas          Tloc           #.........   94%         3    ####...
 Petrify                  Tmut/Erth      #.......     100%        4    #####..
 Metabolic Englaciation   Hex/Ice        #.........   100%        5    ######.
 Yara's Violent Unravell  Hex/Tmut       #.........   100%        5    ######.


Dungeon Overview and Level Annotations

Branches:
Dungeon (6/15)
 Temple: D:4-7

Altars:
Elyvilon
Fedhas
Kikubaaqudgha
Ru
Uskayaw


Innate Abilities, Weirdness & Mutations

You reflexively headbutt those who attack you in melee.
You have a pair of large horns on your head.
Your mind is acute. (Int +2)
Your system is resistant to poisons. (rPois)


Message History

The worker ant is heavily wounded.
You feel sick.
You closely miss the worker ant. You headbutt the worker ant.
The worker ant is severely wounded.
The worker ant bites you but does no damage.
The two-headed ogre struggles against the net.
The net rips apart, and the two-headed ogre comes free!
You hit the worker ant. You burn the worker ant.
You kill the worker ant!
You feel sick.
The two-headed ogre hits you with a +0 giant spiked club!!
* * * LOW HITPOINT WARNING * * *
The two-headed ogre closely misses you.
You hit the two-headed ogre. You burn the two-headed ogre.
The two-headed ogre is moderately wounded.
You hit the two-headed ogre. You burn the two-headed ogre.
The two-headed ogre is moderately wounded.
You feel sick.
The two-headed ogre hits you with a +0 giant spiked club!!
You die...

#.............. ..
#..............
#.####..............
....................
.................>..
....................
...................
...................
.......@...........
...$...O...........
...................
.........$.........
...................
..................
.................
...............


You could see a two-headed ogre.

Vanquished Creatures
  A troll (D:9)
  Grinder (D:5)
  Eustachio (D:5)
  An ice beast (D:5)
  An ogre (D:5)
  3 centaurs (D:5)
  A crocodile (D:9)
  Blork the orc (D:5)
  4 howler monkeys
  A crimson imp (D:6)
  2 bullfrog zombies
  2 orc priests
  A quasit (D:9)
  2 hounds
  2 jellies (D:4)
  Natasha (thrice) (D:3)
  2 orc wizards (D:5)
  4 worker ants
  2 hound zombies
  12 gnolls
  10 adders
  A shadow imp (D:5)
  9 oozes
  4 worms
  A dart slug (D:3)
  6 leopard geckos
  14 orcs
  4 giant cockroaches
  11 goblins
  9 hobgoblins
  9 jackals
  15 kobolds
  2 quokkas (D:5)
  3 ball pythons
  6 bats
  7 frilled lizards
  A giant cockroach zombie (D:5)
  A leopard gecko skeleton (D:5)
  A quokka zombie (D:5)
  15 rats
176 creatures vanquished.

Vanquished Creatures (collateral kills)
  A quokka (D:5)
1 creature vanquished.

Vanquished Creatures (others)
  6 toadstools (D:4)
6 creatures vanquished.

Grand Total: 183 creatures vanquished

Notes
Turn   | Place    | Note
-------+----------+-------------------------------------------
     0 | D:1      | Curus the Minotaur Gladiator began the quest for the Orb.
     0 | D:1      | Reached XP level 1. HP: 18/18 MP: 0/0
   113 | D:1      | Reached skill level 4 in Long Blades
   117 | D:1      | Gained mutation: You have a pair of large horns on your
                  | head. [potion of mutation]
   117 | D:1      | Gained mutation: Your mind is acute. (Int +2) [potion of
                  | mutation]
   117 | D:1      | Gained mutation: Your system is resistant to poisons.
                  | (rPois) [potion of mutation]
   165 | D:1      | Reached XP level 2. HP: 25/25 MP: 1/1
   440 | D:1      | Reached skill level 5 in Long Blades
   518 | D:1      | Reached XP level 3. HP: 25/30 MP: 2/2
   920 | D:2      | Reached XP level 4. HP: 27/37 MP: 3/3
   955 | D:2      | Reached skill level 6 in Long Blades
  1681 | D:3      | Noticed Natasha
  1684 | D:3      | Reached XP level 5. HP: 23/42 MP: 0/4
  1685 | D:3      | Killed Natasha
  1685 | D:3      | Reached skill level 7 in Long Blades
  1717 | D:3      | Noticed Natasha
  1720 | D:3      | Killed Natasha
  2008 | D:3      | Reached skill level 8 in Long Blades
  2173 | D:3      | Reached XP level 6. HP: 46/50 MP: 5/5
  2236 | D:3      | Noticed Natasha
  2241 | D:3      | Killed Natasha
  2500 | D:4      | Found a blossoming altar of Fedhas.
  2512 | D:4      | Found a white marble altar of Elyvilon.
  2526 | D:4      | Found a sacrificial altar of Ru.
  2699 | D:4      | Reached skill level 9 in Long Blades
  3109 | D:4      | Reached XP level 7. HP: 56/56 MP: 6/6
  3181 | D:4      | Found an ancient bone altar of Kikubaaqudgha.
  3401 | D:5      | Entered Level 5 of the Dungeon
  3425 | D:5      | Reached skill level 10 in Long Blades
  3476 | D:5      | Found a hide-covered altar of Uskayaw.
  3846 | D:5      | Noticed Blork the orc
  3850 | D:5      | Reached skill level 11 in Long Blades
  3861 | D:5      | Killed Blork the orc
  4023 | D:5      | Reached XP level 8. HP: 46/62 MP: 7/7
  4170 | D:5      | Noticed Grinder
  4182 | D:5      | Paralysed by Grinder for 4 turns
  4188 | D:5      | Killed Grinder
  4188 | D:5      | Reached skill level 12 in Long Blades
  4258 | D:5      | Noticed Eustachio
  4293 | D:5      | Killed Eustachio
  4567 | D:5      | Reached skill level 13 in Long Blades
  4918 | D:6      | You fall through a shaft for 3 floors!
  4930 | D:9      | Noticed a troll
  4941 | D:9      | Killed a troll
  4941 | D:9      | Reached skill level 14 in Long Blades
  4941 | D:9      | Reached XP level 9. HP: 20/68 MP: 8/8
  5027 | D:9      | Noticed a two-headed ogre
  5042 | D:9      | Slain by a two-headed ogre

Skill      XL: |  1  2  3  4  5  6  7  8 |
---------------+-------------------------+-----
Long Blades    | 4 5 6 8 9 11 14 | 14.0
Fighting       | |  2.9
Throwing       | |  2.0
Dodging        | |  3.6

Action                   |  1- 3 |  4- 6 |  7- 9 || total
-------------------------+-------+-------+-------++-------
Melee: Long sword        |    67 |   196 |   172 ||   435
       Headbutt          |     8 |    29 |    39 ||    76
Throw: Throwing net      |       |       |     1 ||     1
  Use: Potion            |     3 |     5 |     2 ||    10
       Scroll            |     2 |     3 |     6 ||    11
 Stab: Sleeping          |       |     3 |       ||     3
  Eat: Chunk             |       |     7 |     7 ||    14
Armor: Leather armour    |     4 |       |       ||     4
       Ring mail         |    15 |    57 |    36 ||   108
       Skin              |       |       |     6 ||     6
Dodge: Dodged            |    50 |    96 |    63 ||   209
       Rpst.: Long sword |    11 |    23 |    19 ||    53
